 Dungeon Crawl Stone Soup version 0.19.0-16-g73b5abf (webtiles) character file.

133 LORDOFBUTT the Chopper (level 4, 0/41 HPs)
             Began as a Minotaur Berserker on Nov 10, 2016.
             Was a Believer of Trog.
             Slain by an adder (2 damage)
             ... on level 3 of the Dungeon.
             The game lasted 00:02:11 (1446 turns).

LORDOFBUTT the Chopper (Minotaur Berserker)         Turns: 1446, Time: 00:02:12

Health: 0/41       AC:  2    Str: 22    XL:     4   Next: 94%
Magic:  3/3        EV: 15    Int:  5    God:    Trog [**....]
Gold:   113        SH:  0    Dex:  9    Spells: 0 memorised, 3 levels left

rFire  . . .     SeeInvis .     a - +0 hand axe
rCold  . . .     Gourm    .     b - +0 animal skin
rNeg   . . .     Faith    .     (no shield)
rPois  .         Spirit   .     (helmet restricted)
rElec  .         Reflect  .     (no cloak)
rCorr  .         Harm     .     (no gloves)
MR     .....                    (no boots)
Stlth  +.........               (no amulet)
                                (no ring)
                                d - +3 ring of evasion

@: lethally poisoned (0 -> -3), exhausted, slowed, very slow
A: retaliatory headbutt, horns 2
a: Berserk, Trog's Hand, Burn Spellbooks, Renounce Religion


You were on level 3 of the Dungeon.
You worshipped Trog.
Trog was pleased with you.
You were near starving.

You visited 1 branch of the dungeon, and saw 3 of its levels.

You collected 113 gold pieces.

Inventory:

Hand Weapons
 a - a +0 hand axe (weapon)
Armour
 b - a +0 animal skin (worn)
Jewellery
 d - a +3 ring of evasion (left hand)
Scrolls
 e - a scroll of noise {unknown}
 i - a scroll of fog {unknown}
 j - a scroll of immolation {unknown}
 k - a scroll of amnesia {unknown}
Potions
 f - 2 potions of flight {unknown}
 g - a potion of curing {unknown}
 m - a potion of magic {unknown}
Comestibles
 c - a bread ration
 h - 2 meat rations
 l - 2 beef jerkies
 n - a royal jelly


   Skills:
 + Level 4.7 Fighting
 * Level 5.2 Axes
 + Level 3.1 Armour
 + Level 3.0 Dodging


You had 3 spell levels left.
You didn't know any spells.

Dungeon Overview and Level Annotations

Branches:
Dungeon (3/15)

Altars:
Elyvilon
Yredelemnul


Innate Abilities, Weirdness & Mutations

You reflexively headbutt those who attack you in melee.
You have a pair of horns on your head.


Message History

Your Armour skill increases to level 3!
Your Dodging skill increases to level 3!
You barely miss the adder. The adder bites you.
* * * LOW HITPOINT WARNING * * *
You are poisoned.
The adder poisons you!
The orc wizard gestures at you while chanting.
You resist with some effort.
* * * LOW HITPOINT WARNING * * *
You feel sick. The orc warrior barely misses you. You furiously retaliate!
You headbutt the orc warrior.
Things that are here:
a short sword; an orc corpse You slash the orc warrior!
The orc warrior is heavily wounded.
You slash the adder!
You are no longer berserk.
You are exhausted.
You feel yourself slow down. The adder bites you.
You die...

......#...).####
#....#.........#
#..............##########
###..##.#..##...........#
#..##..#!##..########..
#............# #.#
..##o....##..# #.#
#.....##..# #.#
##.@S....## ######.#
##o#o.### #.....(# o{..##
#.####.#
...#########......#
.$.........†.......#
..%#...........#.....
.##.#..########.....## #.
#.#..# #.....# ##..###


You could see an orc warrior, an orc wizard, an adder and 2 orcs.

Vanquished Creatures
  An orc priest (D:3)
  An orc wizard (D:3)
  2 adders (D:2)
  2 worms
  2 leopard geckos
  2 bat zombies (D:1)
  6 giant cockroaches
  9 goblins
  6 hobgoblins
  A quokka (D:2)
  6 bats
  4 frilled lizards (D:2)
  3 kobolds
  7 rats
52 creatures vanquished.

Notes
Turn   | Place    | Note
-------+----------+-------------------------------------------
     0 | D:1      | LORDOFBUTT the Minotaur Berserker began the quest for the Orb.
     0 | D:1      | Reached XP level 1. HP: 19/19 MP: 0/0
   124 | D:1      | Reached skill level 4 in Axes
   124 | D:1      | Reached XP level 2. HP: 23/27 MP: 1/1
   403 | D:1      | Reached ** piety under Trog
   403 | D:1      | Reached XP level 3. HP: 33/33 MP: 2/2
   819 | D:2      | Found a basalt altar of Yredelemnul.
   873 | D:2      | Found a white marble altar of Elyvilon.
  1068 | D:2      | Reached XP level 4. HP: 23/41 MP: 3/3
  1433 | D:3      | Noticed an orc warrior
  1443 | D:3      | Reached skill level 5 in Axes
  1444 | D:3      | HP: 3/61 [adder (4)]
  1446 | D:3      | Slain by an adder

Skill      XL: |  1  2  3  4 |
---------------+-------------+-----
Axes           | 4 5 |  5.2
Fighting       | 4 |  4.7
Armour         | 3 |  3.1
Dodging        | 3 |  3.0

Action                   |  1- 3 |  4- 6 || total
-------------------------+-------+-------++-------
Melee: Hand axe          |    91 |    23 ||   114
       Headbutt          |     7 |     3 ||    10
Invok: Berserk           |       |     1 ||     1
 Stab: Sleeping          |     2 |       ||     2
  Eat: Fruit             |       |     1 ||     1
Armor: Animal skin       |    23 |     1 ||    24
Dodge: Dodged            |    74 |    17 ||    91
